 Dungeon Crawl Stone Soup version 0.32-a0-986-ga09f62fbf4 (webtiles) character file.

Game seed: 7815335598732898040

490 TacoSundae the Basher (level 6, -3/51 HPs)
             Began as a Mountain Dwarf Fighter on Apr 21, 2024.
             Slain by an ogre
             ... wielding a +0 giant club
              (14 damage)
             ... on level 5 of the Dungeon.
             The game lasted 00:05:53 (3673 turns).

TacoSundae the Basher (Mountain Dwarf Fighter)      Turns: 3673, Time: 00:05:54

Health: -3/51      AC:  8    Str: 20    XL:     6   Next: 90%
Magic:  6/6        EV:  8    Int:  9    God:
Gold:   280        SH:  4    Dex:  9    Spells: 5/5 levels left

rFire   . . .        a - +0 flail
rCold   . . .        c - +0 buckler
rNeg    . . .        b - +0 scale mail
rPois   .            (no helmet)
rElec   .            (no cloak)
rCorr   .            e - +0 pair of gloves
SInv    .            (no boots)
Will    +....        (no amulet) Stlth
                     o - ring of willpower
HPRegen 0.28/turn    (no ring)
MPRegen 0.10/turn

%: no passive effects
@: no status effects
A: runic magic, artefact enchanting
a: no special abilities


You were on level 5 of the Dungeon.
You visited 1 branch of the dungeon, and saw 5 of its levels.

You collected 280 gold pieces.

Inventory:

Hand Weapons
 a - a +0 flail (weapon)
Missiles
 h - 7 boomerangs (quivered)
 q - 7 poisoned darts
Armour
 b - a +0 scale mail (worn)
 c - a +0 buckler (worn)
 e - a +0 pair of gloves (worn)
Jewellery
 o - a ring of willpower (left hand)
Wands
 x - a wand of mindburst (11)
 y - a wand of flame (22)
Scrolls
 g - 2 scrolls of immolation {unknown}
 i - 4 scrolls of teleportation {unknown}
 j - 2 scrolls of identify {unknown}
 m - a scroll of enchant armour {unknown}
 n - a scroll of enchant weapon {unknown}
 s - a scroll of silence {unknown}
 t - a scroll of fear {unknown}
 u - 3 scrolls of vulnerability {unknown}
 w - 2 scrolls of amnesia {unknown}
 z - a scroll of noise {unknown}
 A - a scroll of blinking {unknown}
Potions
 d - a potion of might
 f - 2 potions of curing
 k - a potion of ambrosia {unknown}
 l - a potion of berserk rage {unknown}
 p - a potion of lignification {unknown}
 r - a potion of magic {unknown}
 v - a potion of brilliance {unknown}


   Skills:
 + Level 3.3 Fighting
 * Level 8.9 Maces & Flails
 + Level 3.4 Armour
 + Level 3.3 Shields


You had 5 spell levels left.
You didn't know any spells.
Your spell library was empty.

Dungeon Overview and Level Annotations

Branches:
Dungeon (5/15)
 Temple: D:4-7

Altars:
Elyvilon
Makhleb


Innate Abilities, Weirdness & Mutations

Your spellcasting is much less encumbered by armour.
You can use scrolls of enchantment on lesser artefacts.


Message History

Found 7 gold pieces.
You now have 273 gold pieces (gained 9).
You now have 280 gold pieces (gained 7).
There is a stone staircase leading up here.
Found 17 gold pieces.
Found a stone staircase leading down.
An ogre comes into view. It is wielding a +0 giant club.
Throw: 10 darts (poison)
Press: ? - help, Shift-Dir - straight line, f - ogre
Aim: an ogre, wielding a +0 giant club (69% to hit)
You throw a poisoned dart. The poisoned dart hits the ogre.
Throw: 9 darts (poison)
Press: ? - help, Shift-Dir - straight line, f/p - ogre
Aim: an ogre, wielding a +0 giant club (69% to hit)
You throw a poisoned dart. The poisoned dart hits the ogre.
The ogre is poisoned.
Throw: 8 darts (poison)
Press: ? - help, Shift-Dir - straight line, f/p - ogre
Aim: an ogre, wielding a +0 giant club (poisoned, 69% to hit)
You throw a poisoned dart.
The poisoned dart completely misses the ogre.
The ogre hits you with a +0 giant club!!
Ouch! That really hurt!
Aiming: Mindburst
Press: ? - help, Shift-Dir - straight line, f/p - ogre
Aim: an ogre, wielding a +0 giant club (lightly wounded, poisoned, chance to affect: 64%)
The ogre struggles to resist.
You hit the ogre.
The ogre is moderately wounded.
The ogre hits you with a +0 giant club.
You barely miss the ogre.
The ogre is moderately wounded.
You hit the ogre.
The ogre is moderately wounded.
The ogre hits you with a +0 giant club!
* * * LOW HITPOINT WARNING * * *
Okay, then.
Unknown command.
It was a potion of curing.
You feel better. The ogre hits you with a +0 giant club!
You die...

#.................
#.....................
#<.....................
#......................
#......................
#......................
#......................
#......................
#..........@O..((..(...
#.....#########........
#.....# #........
#.....# #........
#.....# #......>.
#.....# #........
#.....# #$.......
#.....# #........
####### #########


You could see an ogre (poisoned).

Vanquished Creatures
  An ogre (D:4)
  2 phantoms (D:4)
  A jelly (D:4)
  A hound (D:3)
  Ijyb (D:3)
  An iguana (D:4)
  4 adders
  A white imp (D:3)
  3 ribbon worms
  A dart slug (D:2)
  5 orcs
  7 bats
  11 endoplasms
  2 giant cockroaches
  7 goblins
  10 hobgoblins
  2 jackals (D:1)
  4 quokkas
  6 ball pythons
  4 frilled lizards
  5 kobolds
  7 rats
86 creatures vanquished.

Notes
Turn   | Place    | Note
-------+----------+-------------------------------------------
     0 | D:1      | TacoSundae the Mountain Dwarf Fighter began the quest for
                  | the Orb.
     0 | D:1      | Reached XP level 1. HP: 19/19 MP: 1/1
     8 | D:1      | Noticed a draconian
     8 | D:1      | Noticed a formicid
    10 | D:1      | Noticed a spriggan
    10 | D:1      | Noticed a troll
    12 | D:1      | Noticed an octopode
    12 | D:1      | Noticed a tengu
    14 | D:1      | Noticed a vampire
    16 | D:1      | Noticed a demigod
    16 | D:1      | Noticed a gargoyle
    18 | D:1      | Noticed an armataur
    20 | D:1      | Noticed a barachi
    20 | D:1      | Noticed a felid
    24 | D:1      | Noticed a vine stalker
    24 | D:1      | Noticed a dwarf
    26 | D:1      | Noticed a djinni
    26 | D:1      | Noticed a human
    28 | D:1      | Noticed an oni
    28 | D:1      | Noticed a naga
    30 | D:1      | Noticed a demonspawn
    30 | D:1      | Noticed an elf
    32 | D:1      | Noticed a ghoul
    32 | D:1      | Noticed a merfolk
    34 | D:1      | Noticed a minotaur
    62 | D:1      | Reached skill level 3 in Maces & Flails
   107 | D:1      | Reached XP level 2. HP: 26/26 MP: 2/2
   380 | D:1      | Reached skill level 4 in Maces & Flails
   650 | D:1      | Reached XP level 3. HP: 26/31 MP: 3/3
   896 | D:2      | Reached skill level 5 in Maces & Flails
   998 | D:2      | Reached XP level 4. HP: 38/38 MP: 4/4
  1500 | D:3      | Found a faded altar of an unknown god.
  1693 | D:3      | Found a burning altar of Makhleb.
  1696 | D:3      | Noticed a cacodemon
  1940 | D:3      | Found a white marble altar of Elyvilon.
  2194 | D:3      | Noticed Ijyb
  2206 | D:3      | Killed Ijyb
  2207 | D:3      | Reached skill level 6 in Maces & Flails
  2493 | D:3      | Reached XP level 5. HP: 45/45 MP: 5/5
  2573 | D:4      | Noticed an ogre
  2582 | D:4      | Killed an ogre
  2583 | D:4      | Reached skill level 7 in Maces & Flails
  2592 | D:4      | Reached XP level 6. HP: 33/51 MP: 6/6
  2763 | D:4      | Reached skill level 8 in Maces & Flails
  3518 | D:5      | Entered Level 5 of the Dungeon
  3673 | D:5      | Slain by an ogre

Illustrated notes

Levels and vault maps discovered:
D:1:      kb_arrival_jail, layout_loops_cross, minmay_misc_feat_room
D:2:      layout_basic, nicolae_concentric_dashed_squares_mild
D:3:      layout_loops_ring, elyvilon_altar_5, makhleb_altar_promises_db,
          basic_ecumenical_altar, grunt_decor_clamped, roderic_lattice_a,
          grunt_ministairs_14, uniq_ijyb
D:4:      layout_loops_ring
D:5:      layout_gridville, fedhas_ov_isle_minmay, grunt_qazlal_clouds,
          minmay_temple_entry_nine_rooms, serial_shops,
          nicolae_shop_back_alley_shop

Skill      XL: |  1  2  3  4  5  6 |
---------------+-------------------+-----
Maces & Flails | 3 4 5 6 7 8 |  8.9
Fighting       | |  3.3
Armour         | |  3.4
Shields        | |  3.3

Action                     |  1- 3 |  4- 6 || total
---------------------------+-------+-------++-------
  Melee: Flail             |   109 |   198 ||   307
  Throw: Dart              |       |     3 ||     3
  Evoke: Wand              |       |     1 ||     1
    Use: Potion            |       |     2 ||     2
 Armour: Scale mail        |    70 |   139 ||   209
  Dodge: Dodged            |    47 |    59 ||   106
  Block: Buckler           |    20 |    28 ||    48

Table legend: (Time is in decaauts)
 A = Elapsed time spent in this place.
 B = Non-inter-level travel time spent in this place.
 C = Inter-level travel time spent in this place.
 D = Time resting spent in this place.
 E = Time spent auto-exploring this place.
 F = Levels seen in this place.
 G = Mean time per level.
                   A        B        C        D        E       F      G
               +--------+--------+--------+--------+--------+-----+--------+
         Total |   3720 |   3499 |    221 |    157 |   2457 |   5 |  744.0 |
       Dungeon |   3720 |   3499 |    221 |    157 |   2457 |   5 |  744.0 |
               +--------+--------+--------+--------+--------+-----+--------+

Top non-repeatable levels by time:
     D:4: 1078 daAuts
     D:3: 1006 daAuts
     D:1: 810 daAuts
     D:2: 719 daAuts
     D:5: 105 daAuts
